 Dungeon Crawl Stone Soup version 0.31-a0-188-g5e087ee2ca (webtiles) character file.

Game seed: 13487392986979821521

597 qw the Skirmisher (level 7, -2/40 HPs)
             Began as a Deep Elf Hunter on June 23, 2023.
             Engulfed by a steam dragon's steam (8 damage)
             ... on level 5 of the Dungeon.
             The game lasted 00:01:31 (4267 turns).

qw the Skirmisher (Deep Elf Hunter)                 Turns: 4267, Time: 00:01:31

Health: -2/40      AC:  8    Str: 10    XL:     7   Next: 17%
Magic:  9/9        EV: 11    Int: 14    God:
Gold:   32         SH:  0    Dex: 18    Spells: 6/6 levels left

rFire   . . .        Y - +0 shortbow
rCold   . . .        (shield currently unavailable)
rNeg    . . .        k - +0 ring mail
rPois   +            l - +0 helmet
rElec   .            m - +0 cloak
rCorr   .            c - +0 pair of gloves
SInv    .            (no boots)
Will    .....        (no amulet)
Stlth   +            i - ring of poison resistance
HPRegen 0.26/turn    (no ring)
MPRegen 0.11/turn

%: no passive effects
@: no status effects
A: no striking features
a: no special abilities


You were on level 5 of the Dungeon.
You visited 2 branches of the dungeon, and saw 6 of its levels.

You collected 211 gold pieces.
You spent 179 gold pieces at shops.


   Skills:
 - Level 2.1 Fighting
 + Level 10.3 Ranged Weapons
 - Level 2.0 Armour
 - Level 3.0 Dodging
 - Level 1.2 Stealth


You had 6 spell levels left.
You didn't know any spells.
Your spell library was empty.

Inventory:

Hand Weapons
 Y - a +0 shortbow (weapon)
Armour
 c - a +0 pair of gloves (worn)
 k - a +0 ring mail (worn)
 l - a +0 helmet (worn)
 m - a +0 cloak (worn)
Jewellery
 a - a +5 ring of evasion
 e - a ring of poison resistance
 i - a ring of poison resistance (left hand)
Scrolls
 b - 2 scrolls of identify
 n - a scroll of noise {unknown}
 p - a scroll of acquirement {unknown}
Potions
 d - 2 potions of cancellation
 f - a potion of magic {unknown}
 g - 2 potions of might
 h - 3 potions of curing
 j - a potion of brilliance {unknown}
 o - a potion of berserk rage {unknown}
 q - a potion of degeneration {unknown}

Dungeon Overview and Level Annotations

Branches:
Dungeon (5/15)             Temple (1/1) D:4

Altars:
Cheibriados
Dithmenos
Fedhas
Gozag
Hepliaklqana
Kikubaaqudgha
Makhleb
Nemelex Xobeh
Qazlal
Ru
Uskayaw
Vehumet
Wu Jian
Xom
Zin
The Shining One

Shops:
D:3 *   D:4 [=![:


Message History

Enter note:
Enter note:
Enter note:
Enter note:
Enter note:
Enter note:
Enter note:
Enter note: You start resting.
You're standing in a cloud of steam!
4257 ||| Stepping ~*~*~tactically~*~*~ (cloud).
You start resting.
A steam dragon is nearby!
You shoot an arrow. The arrow hits the steam dragon.
The steam dragon is moderately wounded.
The steam dragon breathes steam at you. The ball of steam hits you.
You shoot an arrow. The arrow hits the steam dragon.
The steam dragon is heavily wounded.
You are engulfed in a cloud of scalding steam.
The steam dragon bites you but does no damage.
The steam dragon claws you.
You shoot an arrow.
The arrow closely misses the steam dragon.
You are engulfed in a cloud of scalding steam.
The steam dragon barely misses you.
The steam dragon claws you but does no damage.
You shoot an arrow. The arrow hits the steam dragon.
The steam dragon is heavily wounded.
The steam dragon misses you.
The steam dragon claws you but does no damage.
You shoot an arrow.
The arrow hits the steam dragon but does no damage.
The steam dragon is heavily wounded.
The steam dragon breathes steam at you. The ball of steam hits you!
You shoot an arrow. The arrow hits the steam dragon.
The steam dragon is severely wounded.
You are engulfed in a cloud of scalding steam.
You die...

..~~..# #7...~7~~~~P. ######.
~~~~~.# #....~~7~~ .......
~~~~~.#########P...7 . .......
~~~~~~#......##....7 . ######
#######.##...##.#### ... ########
#..# #.....>...###.¤... ........
##.# #.........¤..¤..D. #######.
#.####........D###.###. #.
##..............@...##.. ###.
#...(...........¤¤..##.# ##...
........#.####.####.##.# ##.#..
......#.#%# #.# #.##.# ##.###.
......#.#.# #.# #.##.####.## ##
......#.#.# #.# #.##.##..## #
........#.# #.# #.#...#.#.## ##
#...#####.####.####..........###.
###.# #...........#...#.#.#.#.#


You could see a steam dragon (catching breath).

Vanquished Creatures
  An ice beast (D:5)
  A kobold brigand (D:4)
  An orc priest (D:4)
  2 hounds
  A sleepcap (D:5)
  Jessica (D:2)
  3 orc wizards
  8 gnolls
  4 adders
  3 dart slugs
  5 orcs (D:4)
  7 ball pythons
  5 bats
  6 endoplasms
  5 giant cockroaches
  7 goblins
  8 hobgoblins
  9 jackals
  7 quokkas
  2 frilled lizards
  4 kobolds
  6 rats
96 creatures vanquished.

Notes
Turn   | Place    | Note
-------+----------+-------------------------------------------
     0 | D:1      | qw the Deep Elf Hunter began the quest for the Orb.
     0 | D:1      | Reached XP level 1. HP: 12/12 MP: 3/3
     0 | D:1      | 0 ||| qw: Version: 0.3-a-9-g12657ce
     0 | D:1      | 0 ||| qw: Game counter: 3375
     0 | D:1      | 0 ||| qw: Always use a shield: true
     0 | D:1      | 0 ||| qw: God list: Okawaru
     0 | D:1      | 0 ||| qw: Allow faded altars: false
     0 | D:1      | 0 ||| qw: Do Orc after D:15 true
     0 | D:1      | 0 ||| qw: Do second Lair branch before Depths: true
     0 | D:1      | 0 ||| qw: Lair rune preference: random
     0 | D:1      | 0 ||| qw: Plans: Normal
     0 | D:1      | 0 ||| PLANNING D:1-11
   332 | D:1      | Reached skill level 6 in Ranged Weapons
   332 | D:1      | Reached XP level 2. HP: 11/16 MP: 4/4
   521 | D:1      | 521 ||| FLEEEEING.
   522 | D:1      | 522 ||| FLEEEEING.
   525 | D:1      | 525 ||| FLEEEEING.
   526 | D:1      | 526 ||| FLEEEEING.
   527 | D:1      | 527 ||| FLEEEEING.
   528 | D:1      | 528 ||| FLEEEEING.
   529 | D:1      | 529 ||| FLEEEEING.
   534 | D:1      | 534 ||| FLEEEEING.
   535 | D:1      | 535 ||| FLEEEEING.
   536 | D:1      | 536 ||| FLEEEEING.
   929 | D:1      | 929 ||| UPGRADING to ring of poison resistance.
   930 | D:1      | 930 ||| READING scroll labelled GAPLAODUWK.
   931 | D:1      | 931 ||| READING scroll labelled JIUZIS MUUB.
   932 | D:1      | 932 ||| DRINKING 2 brown potions.
   933 | D:1      | 933 ||| DRINKING 2 glowing ruby potions.
   934 | D:1      | 934 ||| DROPPING scroll of butterflies.
   998 | D:2      | Reached XP level 3. HP: 20/20 MP: 5/5
   998 | D:2      | Found a faded altar of an unknown god.
  1107 | D:2      | Noticed Jessica
  1111 | D:2      | Killed Jessica
  1112 | D:2      | Reached skill level 7 in Ranged Weapons
  1360 | D:2      | Reached XP level 4. HP: 25/25 MP: 6/6
  1729 | D:2      | 1729 ||| UPGRADING to +0 ring mail.
  1739 | D:2      | 1739 ||| DROPPING +0 leather armour.
  1740 | D:2      | 1740 ||| READING scroll labelled SICKEIH KIEMUW.
  1741 | D:2      | 1741 ||| READING 2 scrolls labelled QAPRACEXEE.
  1742 | D:2      | 1742 ||| DRINKING 2 white potions.
  1910 | D:3      | Reached skill level 8 in Ranged Weapons
  2034 | D:3      | 2034 ||| Stepping ~*~*~tactically~*~*~ (outnumbered).
  2042 | D:3      | 2042 ||| Stepping ~*~*~tactically~*~*~ (outnumbered).
  2045 | D:3      | Reached XP level 5. HP: 25/29 MP: 7/7
  2144 | D:3      | Found Omaaz's General Store.
  2149 | D:3      | 2149 ||| BUYING +0 cloak (45 gold).
  2149 | D:3      | Bought a +0 cloak for 45 gold pieces
  2149 | D:3      | 2149 ||| SHOPLISTING amulet of faith (400 gold, have 79).
  2487 | D:3      | 2487 ||| UPGRADING to +0 cloak.
  2492 | D:3      | 2492 ||| DROPPING ring of wizardry.
  2493 | D:3      | 2493 ||| READING scroll labelled VEITZA YGIS.
  2494 | D:3      | 2494 ||| READING scroll labelled QYXIOBIKHLA.
  2495 | D:3      | 2495 ||| DRINKING 2 red potions.
  2526 | D:4      | 2526 ||| STAIRDANCE
  2556 | D:4      | 2556 ||| STAIRDANCE
  2602 | D:4      | Reached skill level 9 in Ranged Weapons
  2789 | D:4      | Found a stormy altar of Qazlal.
  2869 | D:4      | Found a staircase to the Ecumenical Temple.
  2870 | D:4      | 2870 ||| PLANNING TEMPLE
  2870 | D:4      | 2870 ||| READING scroll labelled BALLYA EWKI.
  2873 | D:4      | 2873 ||| READING 2 scrolls of identify.
  2873 | D:4      | 2873 ||| IDENTIFYING fizzy emerald potion
  2874 | D:4      | 2874 ||| DROPPING potion of attraction.
  2934 | Temple   | Entered the Ecumenical Temple
  2934 | Temple   | Found a transporter.
  2934 | Temple   | Found a transporter.
  2936 | Temple   | Found a transporter.
  2936 | Temple   | Found a transporter.
  2946 | Temple   | 2946 ||| PLANNING D:1-11
  2998 | D:4      | Reached XP level 6. HP: 35/35 MP: 8/8
  3025 | D:4      | Found Doroutwoff's Book Shop.
  3046 | D:4      | Found Nodgh's Armour Shoppe.
  3050 | D:4      | 3050 ||| BUYING +0 pair of gloves (49 gold).
  3050 | D:4      | Bought a +0 pair of gloves for 49 gold pieces
  3050 | D:4      | 3050 ||| SHOPLISTING +1 leather armour of cold resistance
                  | (154 gold, have 81).
  3050 | D:4      | 3050 ||| SHOPLISTING +2 pair of gloves of strength (236
                  | gold, have 81).
  3055 | D:4      | Found Jila's Distillery.
  3059 | D:4      | 3059 ||| BUYING potion of curing (36 gold).
  3059 | D:4      | Bought a potion of curing for 36 gold pieces
  3059 | D:4      | 3059 ||| SHOPLISTING potion of resistance (120 gold, have
                  | 45).
  3102 | D:4      | HP: 7/35 [orc/+0 flail (8)]
  3103 | D:4      | 3103 ||| DRINKING potion of heal wounds.
  3274 | D:4      | Found Zicsif's Jewellery Shoppe.
  3277 | D:4      | 3277 ||| SHOPLISTING amulet of Oree {Reflect Int+2 SH+5}
                  | (453 gold, have 45).
  3277 | D:4      | 3277 ||| SHOPLISTING amulet of faith (440 gold, have 45).
  3277 | D:4      | 3277 ||| SHOPLISTING ring of fire (275 gold, have 45).
  3277 | D:4      | 3277 ||| SHOPLISTING ring of ice (275 gold, have 45).
  3277 | D:4      | 3277 ||| SHOPLISTING ring of protection from fire (275
                  | gold, have 45).
  3277 | D:4      | 3277 ||| SHOPLISTING ring of see invisible (165 gold, have
                  | 45).
  3450 | D:4      | Reached skill level 10 in Ranged Weapons
  3587 | D:4      | Found Hobiomn's Armour Boutique.
  3591 | D:4      | 3591 ||| BUYING +0 helmet (49 gold).
  3591 | D:4      | Bought a +0 helmet for 49 gold pieces
  3591 | D:4      | 3591 ||| SHOPLISTING +1 pair of boots (126 gold, have 2).
  3591 | D:4      | 3591 ||| SHOPLISTING +2 robe of fire resistance (194 gold,
                  | have 2).
  3692 | D:4      | 3692 ||| UPGRADING to +0 pair of gloves.
  3697 | D:4      | 3697 ||| UPGRADING to +0 helmet.
  3702 | D:4      | 3702 ||| READING scroll labelled NEEGRI ZECU.
  3742 | D:5      | Entered Level 5 of the Dungeon
  3742 | D:5      | Found a sacrificial altar of Ru.
  3842 | D:5      | Noticed an ice beast
  3862 | D:5      | Killed an ice beast
  3863 | D:5      | Reached XP level 7. HP: 14/40 MP: 9/9
  4108 | D:5      | Reached skill level 3 in Dodging
  4224 | D:5      | Found an ornate altar of the Wu Jian Council.
  4253 | D:5      | Noticed a steam dragon
  4255 | D:5      | 4255 ||| Stepping ~*~*~tactically~*~*~ (cloud).
  4257 | D:5      | 4257 ||| Stepping ~*~*~tactically~*~*~ (cloud).
  4266 | D:5      | HP: 6/40 [steam dragon/ball of steam (7)]
  4267 | D:5      | Engulfed by a steam dragon's steam

Levels and vault maps discovered:
D:1:      ldierk_walled_garden, layout_basic, serial_forest,
          infiniplex_forest_clump_curved, infiniplex_forest_lined_room_2,
          infiniplex_forest_lined_room_2, infiniplex_forest_clump_C,
          infiniplex_forest_clump_double, roderic_roman_lattice
D:2:      layout_loops_cross, basic_ecumenical_altar, grunt_ministairs_12,
          kennysheep_jessica_study
D:3:      minmay_evil_eye, layout_basic, serial_shops, shop
D:4:      layout_loops_corners, mainiacjoe_overflow_alcove_4,
          minmay_temple_entry_tees, serial_shops, shop, shop,
          nicolae_shop_behind_doors, shop, shop
D:5:      layout_loops_ring, mainiacjoe_overflow_small_starburst,
          lemuel_crystal_altar, nzn_wu_jian_contemplation, serial_bayou,
          serial_bayou_ford_a, serial_bayou_shore_a, serial_bayou_shore_b,
          serial_bayou_pond_a, corner_web_ring
Temple:   hellmonk_temple_divided_pantheon

Skill      XL: |  1  2  3  4  5  6  7 |
---------------+----------------------+-----
Ranged Weapons | 6 7 8 9 10 | 10.3
Fighting       | 2 |  2.1
Armour         | 2 |  2.0
Dodging        | 3 |  3.0
Stealth        | |  1.2

Action                     |  1- 3 |  4- 6 |  7- 9 || total
---------------------------+-------+-------+-------++-------
   Fire: Shortbow          |    90 |   209 |    17 ||   316
    Use: Scroll            |     2 |     7 |       ||     9
         Potion            |     2 |     3 |       ||     5
 Armour: Leather armour    |     4 |     1 |       ||     5
         Ring mail         |       |    40 |     5 ||    45
  Dodge: Dodged            |    22 |    56 |     4 ||    82

Table legend:
 A = Non-vault XP
 B = Vault XP
 C = Vault XP percentage of total XP
 D = Non-vault monster count
 E = Vault monster count
 F = Vault count percentage of total count
                 A         B        C        D         E       F
            +---------+---------+-------+---------+---------+-------
      Total |     806 |      48 |   5.6 |      89 |       7 |   7.3
            +---------+---------+-------+---------+---------+-------
        D:1 |      33 |       0 |   0.0 |      18 |       0 |   0.0
        D:2 |      32 |      42 |  56.8 |      17 |       4 |  19.0
        D:3 |     147 |       6 |   3.9 |      22 |       3 |  12.0
        D:4 |     363 |       0 |   0.0 |      26 |       0 |   0.0
        D:5 |     231 |       0 |   0.0 |       6 |       0 |   0.0
            +---------+---------+-------+---------+---------+-------
